CBL
NASHVILLE OUTLAWS @ VANCOUVER GRIZZLIES
06/10/2053
 
TOP OF THE 1ST
Nashville Outlaws batting - Pitching for Vancouver Grizzlies : RHP António Fuentes
Pitching: RHP António Fuentes
Batting: LHB Joe Loback 0-0: Ball
1-0: Called Strike
1-1: Ball
2-1: SINGLE (Line Drive, 78S, EV 102.5 MPH)
Batting: RHB Greg Ritch 0-0: Called Strike
0-1: Called Strike
0-2: Ball
1-2: Ball
2-2: Foul Ball, location: 2F
2-2: Foul Ball, location: 2F
2-2: Strikes out looking
Batting: LHB Bob Sacamano 0-0: Swinging Strike
0-1: Foul Ball, location: 5F
0-2: Fly out, F9 (Flyball, 9, EV 93.1 MPH)
Batting: RHB Joe Del Viscio 0-0: Ball
1-0: Ball
2-0: Ball
3-0: Called Strike
3-1: Foul Ball, location: 2F
3-2: Foul Ball, location: 9LDF
3-2: Base on Balls
Joe Loback to second
Batting: RHB Mauro Arrey 0-0: Ball
1-0: Ball
2-0: Foul Ball, location: 2F
2-1: SINGLE (Groundball, 34D, EV 98.1 MPH)
Joe Loback to third
Joe Del Viscio to second
Runner from 3rd tries for Home, SAFE, throw by RF to home
Batting: LHB Tom Macdonald 0-0: Ball
1-0: Ball
2-0: Fly out, F9 (Line Drive, 89M, EV 92.5 MPH)
Top of the 1st over - 1 run, 2 hits, 0 errors, 2 left on base; Nashville 1 - Vancouver 0
BOTTOM OF THE 1ST
Vancouver Grizzlies batting - Pitching for Nashville Outlaws : LHP Jeff Werstein
Pitching: LHP Jeff Werstein
Batting: SHB Dan King 0-0: Swinging Strike
0-1: Called Strike
0-2: Ball
1-2: Foul Ball, location: 25F
1-2: Foul Ball, location: 2LF
1-2: Strikes out looking
Batting: RHB Sergio Herrera 0-0: Fly out, F9 (Flyball, 9, EV 83.1 MPH)
Batting: LHB Alexander Kozlov 0-0: Ball
1-0: Ball
2-0: Called Strike
2-1: Fly out, F5 (Popup, 5SF, EV 81.3 MPH)
Bottom of the 1st over - 0 runs, 0 hits, 0 errors, 0 left on base; Nashville 1 - Vancouver 0
TOP OF THE 2ND
Nashville Outlaws batting - Pitching for Vancouver Grizzlies : RHP António Fuentes
Batting: SHB Frank Gallagher 0-0: Called Strike
0-1: Foul Ball, location: 2F
0-2: Ground out 5-3 (Groundball, 56, EV 88.8 MPH)
Batting: LHB Leroy Johnson 0-0: Ball
1-0: SINGLE (Line Drive, 6D, EV 96.9 MPH)
Batting: RHB Pancho Pacheco 0-0: Grounds into double play, 4-6-3 (Groundball, 4, EV 98.1 MPH)
Top of the 2nd over - 0 runs, 1 hit, 0 errors, 0 left on base; Nashville 1 - Vancouver 0
BOTTOM OF THE 2ND
Vancouver Grizzlies batting - Pitching for Nashville Outlaws : LHP Jeff Werstein
Batting: RHB Stan Struchen 0-0: Ball
1-0: Called Strike
1-1: Ball
2-1: Foul Ball, location: 3FF
2-2: Ball
3-2: Base on Balls
Batting: RHB José Montero 0-0: Ball
1-0: Swinging Strike
1-1: Grounds into double play, 6-4-3 (Groundball, 6, EV 87.5 MPH)
Batting: RHB Jon Miller 0-0: Ball
1-0: Foul Ball, location: 2F
1-1: Foul Ball, location: 23F
1-2: Ball
2-2: Foul Ball, location: 5FF
2-2: Fly out, F8 (Flyball, 8RD, EV 76.3 MPH)
Bottom of the 2nd over - 0 runs, 0 hits, 0 errors, 0 left on base; Nashville 1 - Vancouver 0
TOP OF THE 3RD
Nashville Outlaws batting - Pitching for Vancouver Grizzlies : RHP António Fuentes
Batting: LHB Joe Loback 0-0: Foul Ball, location: 2F
0-1: Foul Ball, location: 7LSF
0-2: Ball
1-2: Ball
2-2: Foul Ball, location: 2F
2-2: Foul Ball, location: 2F
2-2: Ball
3-2: Foul Ball, location: 2F
3-2: SINGLE (Flyball, 5D, EV 91.9 MPH)
Batting: RHB Greg Ritch 0-0: Ball
1-0: Bunted foul
1-1: Bunted foul
1-2: Strikes out swinging
Batting: LHB Bob Sacamano 0-0: Foul Ball, location: 3F
0-1: Ball
1-1: Ball
2-1: Fly out, F8 (Flyball, 8RS, EV 92.5 MPH)
Batting: RHB Joe Del Viscio 0-0: Fielders Choice at 2nd, 5-4 (Groundball, 56, EV 90.0 MPH)
Top of the 3rd over - 0 runs, 1 hit, 0 errors, 1 left on base; Nashville 1 - Vancouver 0
BOTTOM OF THE 3RD
Vancouver Grizzlies batting - Pitching for Nashville Outlaws : LHP Jeff Werstein
Batting: SHB Baker Trojanowski 0-0: Ball
1-0: Foul Ball, location: 2F
1-1: Called Strike
1-2: Strikes out swinging
Batting: RHB Liam Castro 0-0: Ball
1-0: Ball
2-0: Foul Ball, location: 2F
2-1: Fly out, F2 (Popup, 2RF, EV 95.6 MPH)
Batting: RHB Dan Breindel 0-0: Ball
1-0: Ground out 5-3 (Groundball, 56, EV 106.3 MPH)
Bottom of the 3rd over - 0 runs, 0 hits, 0 errors, 0 left on base; Nashville 1 - Vancouver 0
TOP OF THE 4TH
Nashville Outlaws batting - Pitching for Vancouver Grizzlies : RHP António Fuentes
Batting: RHB Mauro Arrey 0-0: Swinging Strike
0-1: Ball
1-1: Foul Ball, location: 9LDF
1-2: Ball
2-2: Foul Ball, location: 2LF
2-2: Ball
3-2: Strikes out swinging
Batting: LHB Tom Macdonald 0-0: Called Strike
0-1: Called Strike
0-2: Ball
1-2: Ball
2-2: Reached on error, E6 (Groundball, 6M, EV 88.8 MPH)
Batting: SHB Frank Gallagher 0-0: Ball
1-0: Ball
2-0: Fielders Choice at 2nd, 6-4 (Groundball, 6, EV 101.3 MPH)
Batting: LHB Leroy Johnson 0-0: Ball
1-0: Called Strike
1-1: Swinging Strike
1-2: Ball
2-2: Ball
3-2: Strikes out looking
Top of the 4th over - 0 runs, 0 hits, 1 error, 1 left on base; Nashville 1 - Vancouver 0
BOTTOM OF THE 4TH
Vancouver Grizzlies batting - Pitching for Nashville Outlaws : LHP Jeff Werstein
Batting: SHB Dan King 0-0: Called Strike
0-1: Foul Ball, location: 5FF
0-2: Ball
1-2: Fly out, F9 (Flyball, 89M, EV 93.1 MPH)
Batting: RHB Sergio Herrera 0-0: Foul Ball, location: 5FF
0-1: Foul Ball, location: 2F
0-2: Ground out 5-3 (Groundball, 5, EV 103.1 MPH)
Batting: LHB Alexander Kozlov 0-0: Called Strike
0-1: Foul Ball, location: 2RF
0-2: Ball
1-2: Strikes out looking
Bottom of the 4th over - 0 runs, 0 hits, 0 errors, 0 left on base; Nashville 1 - Vancouver 0
TOP OF THE 5TH
Nashville Outlaws batting - Pitching for Vancouver Grizzlies : RHP António Fuentes
Batting: RHB Pancho Pacheco 0-0: Ball
1-0: Called Strike
1-1: Called Strike
1-2: Foul Ball, location: 2F
1-2: Ball
2-2: Strikes out swinging
Batting: LHB Joe Loback 0-0: Foul Ball, location: 2LF
0-1: SINGLE (Groundball, 6MD, EV 102.5 MPH)
Batting: RHB Greg Ritch 0-0: Ball
1-0: Called Strike
1-1: Ball
2-1: Swinging Strike
2-2: SINGLE (Line Drive, 6, EV 69.4 MPH)
Joe Loback to second
Batting: LHB Bob Sacamano 0-0: Ball
1-0: Called Strike
1-1: Grounds into double play, 5-4-3 (Groundball, 5S, EV 83.1 MPH)
Top of the 5th over - 0 runs, 2 hits, 0 errors, 1 left on base; Nashville 1 - Vancouver 0
BOTTOM OF THE 5TH
Vancouver Grizzlies batting - Pitching for Nashville Outlaws : LHP Jeff Werstein
Batting: RHB Stan Struchen 0-0: Ball
1-0: Called Strike
1-1: Swinging Strike
1-2: Strikes out swinging
Batting: RHB José Montero 0-0: Ball
1-0: Swinging Strike
1-1: Foul Ball, location: 9LSF
1-2: Foul Ball, location: 9LSF
1-2: Strikes out swinging
Batting: RHB Jon Miller 0-0: Called Strike
0-1: Called Strike
0-2: Ball
1-2: Foul Ball, location: 2F
1-2: Strikes out swinging
Bottom of the 5th over - 0 runs, 0 hits, 0 errors, 0 left on base; Nashville 1 - Vancouver 0
TOP OF THE 6TH
Nashville Outlaws batting - Pitching for Vancouver Grizzlies : RHP António Fuentes
Pitching: RHP Von Harkenrider
Batting: RHB Joe Del Viscio 0-0: Ball
1-0: Ball
2-0: Foul Ball, location: 2F
2-1: SINGLE (Groundball, 34D, EV 94.4 MPH)
Batting: RHB Mauro Arrey 0-0: Ball
1-0: Swinging Strike
1-1: Foul Ball, location: 2F
1-2: Ball
2-2: Foul Ball, location: 25F
2-2: Strikes out looking
Batting: LHB Tom Macdonald 0-0: Foul Ball, location: 2F
0-1: SINGLE (Groundball, 34, EV 97.5 MPH) (infield hit)
Joe Del Viscio to second
Batting: SHB Frank Gallagher 0-0: Swinging Strike
0-1: Swinging Strike
0-2: Strikes out swinging
Batting: LHB Leroy Johnson 0-0: Ball
1-0: Swinging Strike
1-1: Swinging Strike
1-2: Foul Ball, location: 3FF
1-2: Strikes out swinging
Top of the 6th over - 0 runs, 2 hits, 0 errors, 2 left on base; Nashville 1 - Vancouver 0
BOTTOM OF THE 6TH
Vancouver Grizzlies batting - Pitching for Nashville Outlaws : LHP Jeff Werstein
Batting: SHB Baker Trojanowski 0-0: Called Strike
0-1: Ball
1-1: Foul Ball, location: 2F
1-2: Ball
2-2: Ball
3-2: Base on Balls
Batting: RHB Liam Castro 0-0: Called Strike
0-1: Swinging Strike
0-2: Strikes out swinging
Batting: RHB Dan Breindel 0-0: Foul Ball, location: 2F
0-1: Fielders Choice at 2nd, 6-4 (Groundball, 6, EV 83.1 MPH)
Batting: SHB Dan King 0-0: Ball
Dan Breindel is caught stealing 2nd base 2-4
Bottom of the 6th over - 0 runs, 0 hits, 0 errors, 0 left on base; Nashville 1 - Vancouver 0
TOP OF THE 7TH
Nashville Outlaws batting - Pitching for Vancouver Grizzlies : RHP Von Harkenrider
Batting: RHB Pancho Pacheco 0-0: SINGLE (Line Drive, 9LS, EV 89.4 MPH)
Batting: LHB Joe Loback 0-0: Ball
1-0: Swinging Strike
1-1: Ball
2-1: Called Strike
2-2: Foul Ball, location: 2F
2-2: Foul Ball, location: 2F
2-2: Ball
3-2: Foul Ball, location: 7LSF
3-2: 2-RUN HOME RUN (Flyball, 89XD, EV 103.1 MPH), Distance : 409 ft
Batting: RHB Greg Ritch 0-0: Ball
1-0: Called Strike
1-1: Foul Ball, location: 9LMF
1-2: Ball
2-2: Ball
3-2: Base on Balls
Pitching: LHP Derek Marthaller
Batting: LHB Bob Sacamano 0-0: Called Strike
0-1: Ball
1-1: Grounds into double play, 4-6-3 (Groundball, 4, EV 80.6 MPH)
Batting: RHB Joe Del Viscio 0-0: Ball
1-0: SINGLE (Line Drive, 6M, EV 97.5 MPH)
Batting: RHB Mauro Arrey 0-0: Called Strike
0-1: Foul Ball, location: 2F
0-2: Strikes out swinging
Top of the 7th over - 2 runs, 3 hits, 0 errors, 1 left on base; Nashville 3 - Vancouver 0
BOTTOM OF THE 7TH
Vancouver Grizzlies batting - Pitching for Nashville Outlaws : LHP Jeff Werstein
Batting: SHB Dan King 0-0: Ball
1-0: Swinging Strike
1-1: Called Strike
1-2: Foul Ball, location: 7LMFF
1-2: Foul Ball, location: 2F
1-2: Ball
2-2: Ball
3-2: Foul Ball, location: 2F
3-2: Base on Balls
Batting: RHB Sergio Herrera 0-0: Foul Ball, location: 2F
0-1: Ball
1-1: Ball
2-1: Ball
3-1: Base on Balls
Dan King to second
Batting: LHB Alexander Kozlov 0-0: 3-RUN HOME RUN (Line Drive, 9D, EV 95.6 MPH), Distance : 355 ft
Batting: RHB Stan Struchen 0-0: Ball
1-0: Ball
2-0: Called Strike
2-1: Foul Ball, location: 23F
2-2: Foul Ball, location: 5FF
2-2: SINGLE (Line Drive, 78S, EV 92.5 MPH)
Pitching: LHP Joey Liva
Batting: RHB José Montero 0-0: Called Strike
0-1: Ground out 5-3 (Groundball, 5, EV 73.1 MPH)
Stan Struchen to second
Batting: RHB Jon Miller 0-0: Called Strike
0-1: Swinging Strike
0-2: Ground out 6-3 (Groundball, 6, EV 88.8 MPH)
Stan Struchen to third
Batting: SHB Baker Trojanowski 0-0: Fly out, F6 (Line Drive, 56, EV 69.4 MPH)
Bottom of the 7th over - 3 runs, 2 hits, 0 errors, 1 left on base; Nashville 3 - Vancouver 3
TOP OF THE 8TH
Nashville Outlaws batting - Pitching for Vancouver Grizzlies : LHP Derek Marthaller
Pitching: RHP Dave Nash
Batting: LHB Tom Macdonald 0-0: Ball
1-0: Ball
2-0: Swinging Strike
2-1: Called Strike
2-2: Strikes out swinging
Batting: SHB Frank Gallagher 0-0: Called Strike
0-1: Foul Ball, location: 2F
0-2: SINGLE (Groundball, 34D, EV 105.0 MPH)
Batting: LHB Leroy Johnson 0-0: Called Strike
0-1: DOUBLE (Line Drive, 9LM, EV 106.3 MPH)
Frank Gallagher to third
Runner from 3rd tries for Home, SAFE, no throw by RF
Batting: RHB Pancho Pacheco 0-0: Fly out, F9 (Flyball, 89M, EV 89.4 MPH)
Runner from 2nd tags up, SAFE at 3rd with throw by RF
Batting: LHB Joe Loback 0-0: Intentional Walk
Batting: RHB Greg Ritch 0-0: Ball
1-0: Called Strike
1-1: Ball
2-1: Foul Ball, location: 9LDF
2-2: Strikes out swinging
Top of the 8th over - 1 run, 2 hits, 0 errors, 2 left on base; Nashville 4 - Vancouver 3
BOTTOM OF THE 8TH
Vancouver Grizzlies batting - Pitching for Nashville Outlaws : LHP Joey Liva
Batting: RHB Liam Castro 0-0: Ball
1-0: SINGLE (Flyball, 34D, EV 91.9 MPH)
Batting: RHB Dan Breindel 0-0: Ball
1-0: Called Strike
1-1: Fielders Choice at 2nd, 6-4 (Groundball, 56, EV 76.3 MPH)
Batting: SHB Dan King 0-0: Called Strike
0-1: Called Strike
0-2: Ball
1-2: Grounds into double play, 6-4-3 (Groundball, 6, EV 82.5 MPH)
Bottom of the 8th over - 0 runs, 1 hit, 0 errors, 0 left on base; Nashville 4 - Vancouver 3
TOP OF THE 9TH
Nashville Outlaws batting - Pitching for Vancouver Grizzlies : RHP Dave Nash
Batting: LHB Bob Sacamano 0-0: Called Strike
0-1: Foul Ball, location: 7LMF
0-2: Strikes out looking
Batting: RHB Joe Del Viscio 0-0: Ball
1-0: Ball
2-0: Called Strike
2-1: Foul Ball, location: 2RF
2-2: Ball
3-2: Foul Ball, location: 3FF
3-2: Foul Ball, location: 3F
3-2: Strikes out swinging
Pitching: LHP Steve Tessner
Batting: RHB Mauro Arrey 0-0: Ball
1-0: Called Strike
1-1: Foul Ball, location: 2F
1-2: Ball
2-2: Ball
3-2: Ground out 5-3 (Groundball, 56S, EV 71.3 MPH)
Top of the 9th over - 0 runs, 0 hits, 0 errors, 0 left on base; Nashville 4 - Vancouver 3
BOTTOM OF THE 9TH
Vancouver Grizzlies batting - Pitching for Nashville Outlaws : LHP Joey Liva
Pitching: LHP António Mora
Now at 3B: Tony Hernández
Now in LF: Frank Gallagher
Now in CF: Pancho Amador
Batting: RHB Sergio Herrera 0-0: Swinging Strike
0-1: Ball
1-1: Ball
2-1: Swinging Strike
2-2: DOUBLE (Line Drive, 8RXD, EV 110.0 MPH)
Batting: LHB Alexander Kozlov 0-0: Foul Ball, location: 7LDF
0-1: Foul Ball, location: 2F
0-2: Foul Ball, location: 2LF
0-2: SINGLE (Line Drive, 89S, EV 98.1 MPH)
Sergio Herrera to third
Runner from 3rd tries for Home, SAFE, throw by RF to home
Alexander Kozlov to second
Batting: RHB Stan Struchen 0-0: Intentional Walk
Batting: RHB José Montero 0-0: SINGLE (Line Drive, 4MD, EV 106.9 MPH)
Alexander Kozlov to third
Stan Struchen to second
Runner from 3rd tries for Home, SAFE, throw by CF to home
Bottom of the 9th over - 2 runs, 3 hits, 0 errors, 2 left on base; Nashville 4 - Vancouver 5
Sunday, March 10th , 2024 - OOTP Baseball 24.11 Build 85